 Dungeon Crawl Stone Soup version 0.27-a0-96-gb51a1d6fd6 (webtiles) character file.

Game seed: 7007071026863993898

4507 kae the Grappler (level 10, 0/100 HPs)
             Began as a Troll Fighter on Jan 19, 2021.
             Was a Believer of Wu Jian.
             Slain by an orc priest
             ... wielding a +0 short sword
              (8 damage)
             ... while paralysed by a hornet
             ... on level 8 of the Dungeon.
             The game lasted 00:05:44 (7095 turns).

kae the Grappler (Troll Fighter)                    Turns: 7095, Time: 00:05:44

Health: 0/100      AC:  6    Str: 29    XL:     10   Next: 16%
Magic:  9/9        EV:  1    Int:  4    God:    Wu Jian [**....]
Gold:   378        SH:  0    Dex:  9    Spells: 9/9 levels left

rFire    + . .     SeeInvis .     - Unarmed
rCold    . . .     Faith    .   (no shield)
rNeg     . . .     Spirit   .   a - +0 robe
rPois    .         Reflect  +   (helmet restricted)
rElec    .         Harm     .   (no cloak)
rCorr    .         Rampage  .   (gloves unavailable)
Will     .....                  (boots unavailable)
Stlth    +.........             j - amulet of reflection
HPRegen  0.66/turn              e - ring of protection from fire
MPRegen  0.11/turn              (no ring)

@: paralysed, lethally poisoned (0 -> -10), slowed
A: large, unfitting armour, claws 3, regeneration 1, shaggy fur 1, tough skin 3
a: Renounce Religion, Wall Jump


You were on level 8 of the Dungeon.
You worshipped Wu Jian.
Wu Jian was pleased with you.
You visited 2 branches of the dungeon, and saw 9 of its levels.

You collected 378 gold pieces.

Inventory:

Armour
 a - a +0 robe (worn)
 b - a +0 kite shield
Jewellery
 e - a ring of protection from fire (left claw)
 j - an amulet of reflection (around neck)
 w - an uncursed ring of see invisible {unknown}
Wands
 m - a wand of random effects (7)
 u - a wand of acid (8)
Scrolls
 d - 3 scrolls of remove curse
 i - 4 scrolls of fog
 k - 3 scrolls of blinking
 o - 3 scrolls of teleportation
 q - a scroll of random uselessness {unknown}
 r - 2 scrolls of enchant armour
 t - 4 scrolls of identify
 v - a scroll of amnesia
 x - a scroll of enchant weapon {unknown}
Potions
 c - 2 potions of might
 f - 5 potions of curing
 g - 3 potions of magic
 h - 3 potions of heal wounds
 l - a potion of brilliance
 n - a potion of mutation {unknown}
 p - a potion of lignification {unknown}
 s - a potion of attraction {unknown}


   Skills:
 + Level 6.3 Fighting
 + Level 6.4 Dodging
 - Level 2.4 Shields
 * Level 10.2 Unarmed Combat
 + Level 3.3 Evocations


You had 9 spell levels left.
You didn't know any spells.
Your spell library contained the following spells:

 Spells                   Type           Power        Failure   Level
 Beastly Appendage        Tmut           0%           50%         1
 Wereblood                Tmut           0%           65%         2
 Spider Form              Tmut/Pois      0%           86%         3
 Ice Form                 Ice/Tmut       0%           99%         4
 Blade Hands              Tmut           0%           100%        5


Dungeon Overview and Level Annotations

Branches:
Dungeon (8/15)             Temple (1/1) D:4
   Lair: D:8-11

Altars:
Ashenzari
Cheibriados
Elyvilon
Fedhas
Gozag
Hepliaklqana
Kikubaaqudgha
Makhleb
Nemelex Xobeh
Okawaru
Qazlal
Ru
Sif Muna
Trog
Uskayaw
Vehumet
Wu Jian
Xom
Yredelemnul
Zin
The Shining One

Annotations:
D:2 Terence
D:5 Eustachio


Innate Abilities, Weirdness & Mutations

You are too large for most types of armour.
You have claws for hands.
Your natural rate of healing is unusually fast.
You are covered in fur. (AC +1)
You have extremely tough skin. (AC +3)


Message History

The orc priest hits you but does no damage.
The hornet stings you.
* * * LOW HITPOINT WARNING * * *
You feel as though you will be slow longer.
Unknown command.
Unknown command.
You miss the hornet.
The hornet is heavily wounded.
You feel very sick. The orc priest barely misses you.
The hornet closely misses you.
Unknown command.
Unknown command.
You miss the hornet.
The hornet is heavily wounded.
You feel very sick. The hornet stings you!
* * * LOW HITPOINT WARNING * * *
You suddenly lose the ability to move!
The orc priest hits you with a +0 short sword!
You die...

.# .# .# .#. .#. #. #.#
#.# #.# #.# #(#.#.# #.#
#.# #.# #.#
#.#.#.#.#.#.# ##.. #.#
#.# #.# #.#.#.# #(# #
#y# #.#.#.#.#.#.#.#.#
#.# #.# #.# #.#.#.#####
#.#.#.#.#.#.#.#.#.##..
#)###o###.###.#.#.#.#
#.#.#@#.#.#.#.#)#.##.#
#"###y###.###.###[#.#..
## ### ### ########.##
..........< ###########


You could see a hornet and an orc priest.

Vanquished Creatures
  A two-headed ogre (D:8)
  A deep elf mage (D:8)
  Grinder (D:5)
  A water moccasin (D:7)
  An orc warrior (D:8)
  3 ice beasts
  2 necrophages (D:7)
  4 ogres
  An eye of draining (D:5)
  A centaur (D:7)
  4 bullfrogs
  A water moccasin zombie (D:7)
  2 scorpions
  4 killer bees (D:8)
  8 wights
  3 howler monkeys (D:7)
  4 electric eels (D:7)
  2 bullfrog zombies (D:7)
  A quasit (D:6)
  3 hounds
  2 jellies
  3 orc wizards
  4 orc priests
  A bullfrog skeleton (D:5)
  A centaur skeleton (D:5)
  An iguana (D:5)
  Ijyb (D:4)
  4 worker ants
  Robin (D:4)
  13 adders
  7 gnolls
  A white imp (D:8)
  2 ufetubi
  2 oozes
  7 dart slugs (D:7)
  4 leopard geckos
  18 orcs
  2 ball pythons
  9 bats
  5 giant cockroaches
  14 hobgoblins
  5 jackals
  4 quokkas
  3 frilled lizards
  13 goblins
  2 jackal skeletons (D:4)
  A jackal zombie (D:7)
  13 kobolds
  10 rats
201 creatures vanquished.

Vanquished Creatures (others)
  7 withered plants (D:7)
7 creatures vanquished.

Grand Total: 208 creatures vanquished

Notes
Turn   | Place    | Note
-------+----------+-------------------------------------------
     0 | D:1      | kae the Troll Fighter began the quest for the Orb.
     0 | D:1      | Reached XP level 1. HP: 22/22 MP: 0/0
   285 | D:1      | Reached XP level 2. HP: 29/29 MP: 1/1
   484 | D:1      | Reached XP level 3. HP: 31/36 MP: 2/2
   601 | D:1      | Reached skill level 3 in Unarmed Combat
  1094 | D:2      | Found a shimmering blue altar of Sif Muna.
  1125 | D:2      | Reached XP level 4. HP: 44/44 MP: 3/3
  1371 | D:2      | Noticed Terence
  2167 | D:4      | Reached skill level 4 in Unarmed Combat
  2167 | D:4      | Reached XP level 5. HP: 40/53 MP: 4/4
  2201 | D:4      | Noticed Ijyb
  2233 | D:4      | Killed Ijyb
  2443 | D:4      | Reached XP level 6. HP: 61/61 MP: 5/5
  2539 | D:4      | Reached skill level 5 in Unarmed Combat
  2539 | D:4      | Noticed Robin
  2547 | D:4      | Killed Robin
  2762 | D:4      | Found a staircase to the Ecumenical Temple.
  2775 | Temple   | Entered the Ecumenical Temple
  3046 | Temple   | Became a worshipper of the Wu Jian Council
  3172 | D:5      | Entered Level 5 of the Dungeon
  3230 | D:5      | Reached XP level 7. HP: 45/68 MP: 6/6
  3319 | D:5      | Reached skill level 6 in Unarmed Combat
  3389 | D:5      | Noticed Grinder
  3394 | D:5      | Paralysed by Grinder for 7 turns
  3405 | D:5      | Killed Grinder
  3596 | D:5      | Found a snail-covered altar of Cheibriados.
  3704 | D:5      | Noticed Eustachio
  3711 | D:5      | Found a bloodstained altar of Trog.
  4007 | D:5      | Reached XP level 8. HP: 78/79 MP: 7/7
  4519 | D:6      | Found an ancient bone altar of Kikubaaqudgha.
  4553 | D:6      | Reached skill level 7 in Unarmed Combat
  4774 | D:6      | Found a blossoming altar of Fedhas.
  4832 | D:6      | Found a stormy altar of Qazlal.
  5232 | D:7      | Found a shimmering altar of Xom.
  5253 | D:7      | Reached skill level 5 in Fighting
  5253 | D:7      | Reached skill level 5 in Dodging
  5274 | D:7      | Reached * piety under Wu Jian
  5275 | D:7      | Reached skill level 8 in Unarmed Combat
  5303 | D:6      | Reached skill level 1 in Evocations
  5909 | D:7      | Reached XP level 9. HP: 82/87 MP: 8/8
  6456 | D:7      | Reached skill level 9 in Unarmed Combat
  6593 | D:7      | Reached ** piety under Wu Jian
  6969 | D:8      | Noticed a two-headed ogre
  6981 | D:8      | Killed a two-headed ogre
  6982 | D:8      | Reached XP level 10. HP: 45/98 MP: 9/9
  6988 | D:8      | Noticed a deep elf mage
  6997 | D:8      | Killed a deep elf mage
  6998 | D:8      | Reached skill level 10 in Unarmed Combat
  7089 | D:8      | Paralysed by a hornet for 2 turns
  7095 | D:8      | Paralysed by a hornet for 2 turns
  7095 | D:8      | Slain by an orc priest

Illustrated notes

Levels and vault maps discovered:
D:1:      amcnicky_arrival_blooded_trapdoor, layout_basic, serial_rivers,
          chequers_serial_rivers_large_a, chequers_serial_rivers_small_3,
          chequers_serial_rivers_micro_d, chequers_serial_rivers_small_b,
          chequers_serial_rivers_large_b, minmay_misc_feat_iff, st_stairs_12
D:2:      layout_rooms, nicolae_overflow_hidden_temple, uniq_terence
D:3:      layout_basic
D:4:      layout_loops_cross, temple_statues, uniq_ijyb, uniq_robin
D:5:      layout_basic, kennysheep_mini, kennysheep_little_box, uniq_grinder,
          uniq_eustachio
D:6:      layout_rooms, lemuel_doored_altar, kennysheep_mini_moat,
          overflow_temple_1_default
D:7:      kennysheep_slugbush, layout_loops_ring, overflow_temple_1_default,
          serial_undead, serial_undead_a, serial_undead_f, serial_undead_b,
          serial_undead_c, serial_undead_b, serial_undead_f
D:8:      minmay_imperfect_grid, layout_basic,
          nicolae_dithmenos_through_a_glass_darkly, st_stairs_5,
          uniq_prince_ribbit1
Temple:   eino_narrow_crystal_temple

Skill      XL: |  1  2  3  4  5  6  7  8  9 10 |
---------------+-------------------------------+-----
Unarmed Combat | 3 4 5 6 8 9 10 | 10.2
Dodging        | 3 4 5 6 |  6.4
Fighting       | 3 4 5 6 |  6.3
Evocations     | 1 3 |  3.3
Shields        | |  2.4

Action                   |  1- 3 |  4- 6 |  7- 9 | 10-12 || total
-------------------------+-------+-------+-------+-------++-------
Melee: Unarmed           |    89 |   219 |   298 |    27 ||   633
       Punch             |     2 |     3 |    18 |     1 ||    24
Invok: Lunge             |       |     1 |    16 |     1 ||    18
       Whirlwind         |       |       |     1 |       ||     1
Evoke: Wand              |       |       |    10 |       ||    10
  Use: Scroll            |     6 |     6 |     5 |       ||    17
       Potion            |       |       |     1 |       ||     1
 Stab: Sleeping          |     1 |       |     1 |       ||     2
       Paralysed         |       |       |     2 |       ||     2
Armor: Robe              |    41 |    85 |    50 |     4 ||   180
Dodge: Dodged            |    41 |   100 |   107 |    11 ||   259
Block: Other             |       |    11 |    46 |     3 ||    60
       Reflection        |       |       |     2 |       ||     2

Table legend: (Time is in decaauts)
 A = Elapsed time spent in this place.
 B = Non-inter-level travel time spent in this place.
 C = Inter-level travel time spent in this place.
 D = Time resting spent in this place.
 E = Time spent auto-exploring this place.
 F = Levels seen in this place.
 G = Mean time per level.
                   A        B        C        D        E       F      G
               +--------+--------+--------+--------+--------+-----+--------+
         Total |   7096 |   6859 |    237 |   1217 |   4342 |   9 |  788.4 |
       Dungeon |   6901 |   6689 |    212 |   1217 |   4174 |   8 |  862.6 |
        Temple |    195 |    171 |     24 |      0 |    168 |   1 |  195.0 |
               +--------+--------+--------+--------+--------+-----+--------+

Top non-repeatable levels by time:
     D:7: 1391 daAuts
     D:5: 1347 daAuts
     D:1: 1048 daAuts
     D:4: 806 daAuts
     D:6: 765 daAuts
     D:3: 634 daAuts
     D:2: 525 daAuts
     D:8: 381 daAuts
  Temple: 195 daAuts
